 Dungeon Crawl Stone Soup version 0.31-a0-233-g139696dc86 (webtiles) character file.

Game seed: 16837505281095944288

307 qw the Shooter (level 6, -5/36 HPs)
             Began as a Gargoyle Hexslinger on July 8, 2023.
             Killed from afar by Natasha (8 damage)
             ... with a magic dart
             ... on level 3 of the Dungeon.
             The game lasted 00:01:04 (2109 turns).

qw the Shooter (Gargoyle Hexslinger)                Turns: 2109, Time: 00:01:04

Health: -5/36      AC:  9    Str: 11    XL:     6   Next: 40%
Magic:  7/7        EV: 10    Int: 14    God:
Gold:   147        SH:  0    Dex: 20    Spells: 6/7 levels left

rFire   . . .        Y - +1 sling
rCold   + . .        (no shield)
rNeg    + . .        c - +0 ring mail
rPois   inf          (no helmet)
rElec   +            (no cloak)
rCorr   .            (no gloves)
SInv    .            (no boots)
Will    .....        b - amulet of faith
Stlth   +            l - ring of protection from cold
HPRegen 0.26/turn    j - +6 ring of dexterity
MPRegen 0.10/turn

%: faith
@: no status effects
A: sickness immunity, AC +4, negative energy resistance 1, electricity
resistance, torment resistance 1, petrification resistance
a: no special abilities


You were on level 3 of the Dungeon.
You visited 1 branch of the dungeon, and saw 3 of its levels.

You collected 147 gold pieces.


Innate Abilities, Weirdness & Mutations

You are immune to sickness and miasma.
Your stone body is resilient. (AC +4)
You are immune to poison.
You resist negative energy. (rN+)
You are resistant to electric shocks. (rElec)
You are resistant to unholy torment.
You are immune to petrification.


   Skills:
 + Level 2.6 Fighting
 - Level 6.0 Ranged Weapons
 - Level 1.0 Armour
 - Level 1.5 Dodging
 - Level 1.0 Spellcasting
 - Level 2.6 Hexes


You had 6 spell levels left.
You knew the following spells:

 Your Spells              Type           Power      Damage    Failure   Level
a - Slow                  Hex            32%        N/A       21%         1

Your spell library contained the following spells:

 Spells                   Type           Power      Damage    Failure   Level
 Inner Flame              Hex/Fire       4%         N/A       71%         3
 Portal Projectile        Hex/Tloc       8%         N/A       71%         3
 Cause Fear               Hex            4%         N/A       90%         4

Inventory:

Hand Weapons
 Y - a +1 sling (weapon)
Armour
 c - a +0 ring mail (worn)
Jewellery
 b - an amulet of faith (around neck)
 e - an amulet of reflection
 j - a +6 ring of dexterity (right hand)
 k - a ring of positive energy
 l - a ring of protection from cold (left hand)
Scrolls
 d - a scroll of identify
 n - a scroll of amnesia {unknown}
Potions
 a - a potion of attraction {unknown}
 f - a potion of curing
 g - a potion of resistance {unknown}
 h - a potion of berserk rage {unknown}
 i - a potion of heal wounds {unknown}

Dungeon Overview and Level Annotations

Branches:
Dungeon (3/15)

Altars:

Annotations:
D:3 Natasha


Message History

You feel strangely unstable.
Natasha stares at you and mumbles some strange words.
You resist with some effort. The cerulean imp closely misses you.
You shoot a sling bullet.
The sling bullet closely misses Natasha.
Natasha claws you.
The cerulean imp hits you with a +2 spear.
You shoot a sling bullet. The sling bullet hits Natasha.
You kill Natasha!
Natasha growls in agony!
The cerulean imp disappears in a puff of smoke!
Your surroundings suddenly seem different.
Enter note:
Enter note:
Enter note:
Enter note:
Enter note:
Enter note:
Enter note:
Enter note:
Enter note:
Enter note:
Enter note:
Enter note:
Enter note:
Enter note:
Enter note:
Enter note:
Enter note:
Enter note: You start resting.
Natasha, Servant of Life and Death comes into view.
You shoot a sling bullet.
Natasha hisses angrily.
The sling bullet hits Natasha.
Natasha is heavily wounded.
You hear an angry hiss.
Natasha casts a spell at you. The magic dart hits you!
You die...

#.......#......#.....##..#..#
#.......#....)..%....##..#..#
#....................##.##.##
###.........%........#..#..#.
#........#...##....#..#..#.
#............+.....#..#..#.
#####..........#####....#....
#..............##############
#...........@.....#.......###
#...........#.....#..........
#......#...##.....#......(...
#......#...##.....#..........
#......#...##.....#..........
#...)###...##.....####.......
#....# #..........h..........
#....# #...####.####.........
#....# ##.#####.####.......#.


You could see Natasha.

Vanquished Creatures
  Grinder (D:2)
  Natasha (D:3)
  2 adders
  A worm (D:3)
  2 dart slugs
  3 orcs (D:3)
  6 endoplasms
  5 giant cockroaches
  6 hobgoblins
  5 kobolds
  3 quokkas (D:1)
  7 ball pythons
  4 bats
  2 frilled lizards
  6 goblins
  12 rats
66 creatures vanquished.

Notes
Turn   | Place    | Note
-------+----------+-------------------------------------------
     0 | D:1      | qw the Gargoyle Hexslinger began the quest for the Orb.
     0 | D:1      | Reached XP level 1. HP: 12/12 MP: 2/2
     0 | D:1      | 0 ||| qw: Version: 0.3-a-46-gb1f654a
     0 | D:1      | 0 ||| qw: Game counter: 3582
     0 | D:1      | 0 ||| qw: Melee chars always use a shield: true
     0 | D:1      | 0 ||| qw: God list: Okawaru
     0 | D:1      | 0 ||| qw: Allow faded altars: false
     0 | D:1      | 0 ||| qw: Do Orc after clearing Dungeon:15 true
     0 | D:1      | 0 ||| qw: Do second Lair branch before Depths: true
     0 | D:1      | 0 ||| qw: Lair rune preference: random
     0 | D:1      | 0 ||| qw: Goals: Normal
     0 | D:1      | 0 ||| PLANNING D:1-11
    80 | D:1      | Reached XP level 2. HP: 11/16 MP: 3/3
    80 | D:1      | 80 ||| FLEEEEING.
   199 | D:1      | Reached skill level 3 in Ranged Weapons
   392 | D:1      | Reached XP level 3. HP: 21/21 MP: 4/4
   754 | D:1      | 754 ||| UPGRADING to +0 leather armour.
   764 | D:1      | 764 ||| DROPPING +0 robe.
   765 | D:1      | 765 ||| UPGRADING to amulet of reflection.
   770 | D:1      | 770 ||| UPGRADING to ring of positive energy.
   771 | D:1      | 771 ||| READING scroll labelled YNTEUSCH VUESO.
   772 | D:1      | 772 ||| READING scroll labelled VIBLEM XORI.
   775 | D:1      | 775 ||| READING 2 scrolls labelled OTOMOSM UGOAJA.
   776 | D:1      | 776 ||| READING scroll labelled OTOSOS EHAR.
   777 | D:1      | 777 ||| DROPPING scroll of poison.
   778 | D:1      | 778 ||| DROPPING scroll of fog.
   981 | D:2      | Identified the +6 hand axe of Jiaryr {holy, Drain rF+
                  | Will++ Int+3}
  1447 | D:2      | Reached XP level 4. HP: 26/26 MP: 5/5
  1453 | D:2      | 1453 ||| UPGRADING to +0 ring mail.
  1463 | D:2      | 1463 ||| DROPPING +0 leather armour.
  1464 | D:2      | 1464 ||| UPGRADING to amulet of faith.
  1474 | D:2      | 1474 ||| UPGRADING to +6 ring of dexterity.
  1475 | D:2      | 1475 ||| UPGRADING to ring of protection from cold.
  1477 | D:2      | 1477 ||| READING scroll labelled SELUAR ZADO.
  1512 | D:3      | Noticed Grinder
  1514 | D:3      | 1514 ||| STAIRDANCE
  1521 | D:2      | Paralysed by Grinder for 3 turns
  1533 | D:2      | Killed Grinder
  1534 | D:2      | Reached skill level 6 in Ranged Weapons
  1534 | D:2      | Reached XP level 5. HP: 13/30 MP: 6/6
  1534 | D:2      | Reached XP level 6. HP: 16/35 MP: 7/7
  1803 | D:3      | Identified the +4 trident "Kuacs" {antimagic, rPois rN+}
  1884 | D:3      | Found the +18 Lear's hauberk
  1991 | D:3      | 1991 ||| Stepping ~*~*~tactically~*~*~ (outnumbered).
  1993 | D:3      | 1993 ||| Stepping ~*~*~tactically~*~*~ (outnumbered).
  1995 | D:3      | 1995 ||| Stepping ~*~*~tactically~*~*~ (outnumbered).
  2000 | D:3      | Reached skill level 1 in Armour
  2089 | D:3      | Noticed Natasha
  2102 | D:3      | HP: 7/35 [cerulean imp/+2 spear[Natasha] (2)]
  2103 | D:3      | 2103 ||| READING scroll of teleportation.
  2104 | D:3      | HP: 2/35 [cerulean imp/+2 spear[Natasha] (3)]
  2105 | D:3      | Killed Natasha
  2108 | D:3      | Noticed Natasha
  2109 | D:3      | Killed from afar by Natasha

Levels and vault maps discovered:
D:1:      dpeg_arrival_rooms_b, layout_loops_cross,
          hangedman_abyss_or_decor_lesser_grid
D:2:      minmay_chambers_of_ones, layout_basic
D:3:      minmay_angry_zag, layout_basic, reono_crystal_passage,
          nicolae_kite_square_tiling_tiny, uniq_crazy_yiuf_cottage,
          uniq_natasha, uniq_grinder

Skill      XL: |  1  2  3  4  5  6 |
---------------+-------------------+-----
Ranged Weapons | 3 6 |  6.0
Fighting       | 2 |  2.6
Armour         | 1 |  1.0
Dodging        | |  1.5
Spellcasting   | |  1.0
Hexes          | |  2.6

Action                     |  1- 3 |  4- 6 || total
---------------------------+-------+-------++-------
   Fire: Sling             |   132 |   117 ||   249
    Use: Scroll            |     4 |     2 ||     6
 Armour: Robe              |    12 |       ||    12
         Leather armour    |     7 |       ||     7
         Ring mail         |       |    36 ||    36
  Dodge: Dodged            |    28 |    47 ||    75
  Block: Other             |     5 |       ||     5

Table legend:
 A = Non-vault XP
 B = Vault XP
 C = Vault XP percentage of total XP
 D = Non-vault monster count
 E = Vault monster count
 F = Vault count percentage of total count
                 A         B        C        D         E       F
            +---------+---------+-------+---------+---------+-------
      Total |     115 |     324 |  73.8 |      53 |      13 |  19.7
            +---------+---------+-------+---------+---------+-------
        D:1 |      38 |       0 |   0.0 |      23 |       0 |   0.0
        D:2 |      36 |     277 |  88.5 |      15 |       6 |  28.6
        D:3 |      41 |      47 |  53.4 |      15 |       7 |  31.8
            +---------+---------+-------+---------+---------+-------
